Map: Port Aleksander LE

Players

Lambo - Winner!

  • Race: Zerg Zerg
  • League: Master
  • Spawn Location: 5:00

yay

  • Race: Zerg Zerg
  • League: Master
  • Spawn Location: 11:00

VOD

Have the link to the VOD?

Description

Time

  • Played on: Jan. 24, 2019, 6:41 a.m.
  • Length: 12:22
Show
View Real Time Build Order
Export as new Build Order

Lambo Zerg - Winner!

Build Orders: Hatch First 

Get SALT Encoding   

  12  0:01  Drone  
  13  0:12  Overlord  
  13  0:18  Drone  
  14  0:31  Drone x2  
  16  0:49  Hatchery  
  15  0:52  Drone  
  15  0:56  Drone  
  17  0:59  Drone  
  18  1:10  Extractor  
  17  1:15  Spawning Pool  
  17  1:18  Drone  
  17  1:22  Drone  
  18  1:29  Drone  
  19  1:39  Drone  
  20  1:49  Drone  
  21  2:02  Drone, Overlord, Queen x2  
  26  2:11  Metabolic Boost  
  26  2:14  Drone x2  
  28  2:22  Drone x2  
  30  2:33  Zergling x2  
  30  2:34  Zergling x2  
  32  2:41  Hatchery  
  31  2:44  Drone  
  31  2:46  Drone  
  33  2:51  Baneling Nest  
  33  2:57  Overlord  
  32  2:59  Drone  
  33  3:06  Drone x2  
  33  3:11  Drone  
  36  3:16  Zergling x2  
  36  3:17  Zergling x4  
  36  3:18  Drone  
  36  3:19  Drone  
  41  3:20  Overlord  
  41  3:24  Drone  
  42  3:29  Drone  
  43  3:36  Drone  
  43  3:37  Queen  
  43  3:38  Evolution Chamber, Baneling x2  
  43  3:39  Drone  
  46  3:42  Drone  
  46  3:44  Drone x2  
  46  3:48  Drone x2  
  51  3:54  Drone x2  
  51  3:55  Drone  
  54  4:00  Extractor  
  54  4:01  Drone x2, Extractor  
  54  4:03  Drone  
  54  4:04  Zerg Missile Weapons Level 1  
  54  4:06  Drone  
  56  4:10  Drone  
  56  4:11  Drone  
  58  4:17  Overlord  
  58  4:18  Overlord x2  
  58  4:22  Overlord  
  58  4:32  Overlord  
  64  4:38  Drone x7  
  64  4:44  Lair  
  62  4:49  Roach Warren, Zergling x4  
  62  4:50  Drone x3  
  66  4:53  Pneumatized Carapace  
  66  4:56  Drone x2  
  66  4:59  Drone x3  
  71  5:02  Drone  
  71  5:06  Drone  
  71  5:07  Drone  
  74  5:08  Drone x2  
  74  5:11  Extractor  
  74  5:13  Extractor  
  73  5:15  Extractor  
  73  5:19  Drone x3  
  75  5:28  Hatchery  
  75  5:29  Drone x3  
  75  5:35  Roach x6  
  89  5:40  Evolution Chamber  
  88  5:42  Overseer  
  88  5:44  Overlord  
  88  5:50  Overlord x2  
  88  5:52  Glial Reconstitution, Roach x4  
  88  5:56  Overlord  
  96  5:57  Overlord  
  96  6:09  Baneling x4  
  96  6:10  Drone  
  95  6:12  Zerg Ground Armor Level 1, Zerg Missile Weapons Level 2  
  95  6:15  Roach x3  
  95  6:16  Roach  
  103  6:19  Overlord  
  103  6:20  Roach x2  
  103  6:24  Overlord  
  107  6:27  Queen  
  107  6:28  Overlord  
  109  6:37  Roach x5  
  119  6:45  Roach x4  
  119  6:46  Roach  
  129  6:50  Roach x2  
  129  6:51  Roach  
  129  6:52  Ravager x3  
  138  6:56  Overlord  
  138  6:59  Roach x3  
  144  7:06  Roach  
  144  7:07  Roach x3  
  152  7:13  Roach x4  
  158  7:18  Ravager x2  
  160  7:24  Roach x4  
  160  7:29  Overlord  
  168  7:30  Roach x3  
  168  7:31  Overlord  
  168  7:36  Overlord  
  174  7:37  Ravager  
  174  7:38  Overlord  
  174  7:41  Overlord x2  
  175  7:46  Overlord  
  175  7:52  Roach x4  
  175  7:56  Overlord  
  183  8:02  Roach x6  
  185  8:06  Roach x3  
  185  8:10  Roach x2  
  183  8:17  Burrow, Tunneling Claws  
  183  8:22  Roach x4  
  183  8:23  Ravager  
  192  8:27  Overlord  
  192  8:28  Roach  
  192  8:29  Roach x2  
  198  8:41  Overseer  
  198  8:43  Roach  
  200  9:10  Overlord  
  194  9:20  Roach  
  194  9:21  Roach x2  
  200  9:26  Roach  
  200  9:32  Infestation Pit  
  197  9:41  Roach  
  199  9:49  Roach x3  
  199  9:55  Roach x4  
  183  10:01  Roach x25  
  183  10:03  Roach x8  
  183  10:05  Roach x4  
  191  10:11  Hive  
  187  10:21  Roach x8  
  199  10:28  Roach x3  
  199  10:29  Roach x2  
  199  10:34  Roach  
  199  10:41  Extractor x2  
  193  10:52  Roach x8  
  193  10:54  Hatchery  
  193  10:56  Roach x2  
  192  11:00  Roach x10  
  200  11:23  Viper x2  
  188  11:35  Roach x3  
  188  11:39  Hydralisk Den  
  181  11:46  Viper  
  181  11:50  Roach x8  
  198  11:58  Roach x6  
  182  12:03  Roach x10  
Show
View Real Time Build Order
Export as new Build Order

yay Zerg 

Build Orders: Hatch First, Lurkers 

Get SALT Encoding   

  12  0:00  Drone  
  13  0:12  Overlord  
  13  0:17  Drone  
  14  0:31  Drone x2  
  16  0:49  Hatchery  
  15  0:53  Drone  
  15  0:57  Drone  
  17  1:00  Drone  
  18  1:11  Extractor  
  17  1:16  Spawning Pool  
  16  1:19  Drone  
  16  1:22  Drone  
  18  1:28  Drone  
  19  1:39  Drone  
  20  1:49  Drone  
  21  2:01  Overlord  
  21  2:02  Queen x2  
  21  2:03  Zergling x2  
  26  2:12  Drone x2  
  28  2:15  Metabolic Boost  
  28  2:21  Drone  
  28  2:22  Drone  
  30  2:32  Drone  
  31  2:41  Hatchery  
  30  2:47  Baneling Nest  
  30  2:48  Drone  
  30  2:52  Drone  
  30  2:53  Drone  
  30  2:55  Drone  
  33  3:01  Overlord  
  33  3:06  Drone x2  
  33  3:11  Zergling x2  
  36  3:13  Extractor, Zergling x2  
  36  3:15  Extractor, Zergling x2  
  36  3:17  Overlord  
  38  3:24  Queen  
  38  3:26  Drone x2  
  42  3:29  Drone  
  42  3:31  Baneling x2  
  42  3:32  Drone  
  44  3:36  Drone  
  44  3:40  Drone x2  
  47  3:43  Drone  
  47  3:44  Drone  
  47  3:45  Evolution Chamber  
  48  3:51  Drone x2  
  48  3:53  Drone x2  
  52  3:55  Drone  
  52  3:56  Drone  
  52  3:59  Drone, Extractor  
  52  4:01  Extractor  
  52  4:02  Drone  
  54  4:04  Drone  
  55  4:10  Overlord  
  55  4:14  Zerg Missile Weapons Level 1  
  55  4:15  Drone  
  55  4:16  Drone x2  
  58  4:18  Overlord  
  57  4:25  Overlord  
  57  4:27  Drone x2  
  57  4:29  Lair  
  58  4:34  Drone  
  58  4:36  Roach Warren, Drone  
  58  4:38  Drone  
  58  4:40  Drone  
  58  4:44  Drone  
  58  4:45  Drone  
  59  4:47  Zergling x4  
  59  4:49  Drone x2  
  63  4:57  Drone x3  
  66  5:00  Overlord  
  66  5:02  Drone x3, Extractor  
  66  5:03  Drone, Extractor  
  66  5:04  Drone  
  66  5:06  Drone  
  70  5:13  Zergling x2  
  71  5:16  Roach x2  
  71  5:20  Roach x4  
  83  5:26  Roach  
  83  5:27  Roach x2  
  89  5:28  Overlord  
  89  5:29  Glial Reconstitution  
  89  5:33  Pneumatized Carapace  
  89  5:37  Overlord  
  89  5:43  Overlord  
  89  5:46  Overlord  
  89  5:50  Roach  
  89  5:51  Roach  
  89  5:53  Drone  
  89  5:55  Extractor, Roach x2  
  97  5:58  Hatchery  
  97  6:01  Drone x2  
  98  6:04  Overlord  
  98  6:06  Overlord  
  98  6:10  Zerg Missile Weapons Level 2, Roach  
  98  6:14  Roach x2, Hydralisk Den  
  100  6:18  Drone x2  
  100  6:19  Drone  
  100  6:22  Ravager x4  
  107  6:27  Drone x2  
  109  6:37  Roach x2  
  109  6:39  Roach  
  117  6:40  Roach  
  117  6:42  Extractor  
  116  6:48  Lurker Den, Extractor  
  116  6:49  Roach x3  
  116  6:50  Roach x2  
  116  6:52  Roach x3  
  130  6:56  Overlord, Roach  
  132  7:02  Overlord  
  132  7:05  Roach x2  
  136  7:11  Ravager x2  
  136  7:13  Drone x6  
  133  7:18  Roach x2  
  133  7:20  Ravager x3  
  133  7:22  Roach  
  142  7:24  Roach  
  142  7:29  Roach  
  146  7:30  Roach  
  146  7:34  Roach  
  146  7:35  Hydralisk  
  152  7:38  Hydralisk  
  152  7:41  Roach  
  156  7:46  Hydralisk  
  156  7:49  Hydralisk  
  158  7:52  Hydralisk  
  158  7:55  Hydralisk  
  160  8:00  Drone x2  
  156  8:09  Hydralisk x3  
  154  8:14  Drone x2  
  154  8:18  Lurker  
  154  8:19  Lurker  
  158  8:21  Lurker  
  158  8:22  Lurker  
  160  8:29  Overlord  
  160  8:31  Overlord  
  160  8:34  Overlord  
  160  8:38  Overlord  
  160  8:46  Overlord  
  160  8:48  Overlord  
  160  8:50  Roach x2  
  160  8:52  Lurker x2  
  160  8:53  Lurker  
  160  8:54  Lurker  
  167  8:58  Roach  
  167  8:59  Roach  
  167  9:00  Drone  
  169  9:04  Drone  
  169  9:05  Drone  
  169  9:06  Drone  
  169  9:07  Drone  
  169  9:09  Drone  
  172  9:10  Drone  
  172  9:13  Drone  
  172  9:14  Drone  
  172  9:16  Drone  
  170  9:21  Drone x3  
  172  9:29  Drone x2  
  172  9:30  Drone x2  
  172  9:31  Drone  
  168  9:35  Drone x2  
  168  9:37  Drone  
  167  9:41  Drone x2  
  167  9:42  Overseer  
  167  9:43  Drone  
  170  9:46  Drone  
  170  9:49  Drone  
  170  9:50  Drone  
  172  9:55  Drone x3  
  172  9:57  Drone  
  173  10:01  Drone x2  
  173  10:02  Drone  
  168  10:13  Extractor, Drone x2  
  166  10:18  Drone x4  
  168  10:21  Spore Crawler  
  168  10:22  Drone  
  168  10:25  Hydralisk  
  168  10:26  Hydralisk x2  
  173  10:35  Hydralisk x2  
  170  10:38  Hydralisk  
  174  10:49  Infestation Pit  
  173  10:50  Hydralisk  
  156  10:57  Hydralisk x2  
  156  11:02  Hydralisk  
  160  11:08  Hydralisk  
  156  11:20  Hatchery  
  156  11:22  Drone  
  152  11:27  Drone  
  152  11:32  Drone  
  148  11:37  Drone x2  
  132  11:40  Ravager  
  132  11:41  Ravager  
  132  11:42  Lurker  
  122  11:57  Hydralisk  
  70  12:19  Lurker  
Tags
 
Add a new tag
Caveats
  • Supply blocks, unpowered buildings, or Contaminate may cause inaccurate times.
  • Supply counts are checked every 10 seconds.